 Dungeon Crawl Stone Soup version 0.30-a0-297-g0ec75d9ef4 (webtiles) character file.

Game seed: 4088157692387307160

4344 byup the Fighter (level 10, 0/122 HPs)
             Began as an Ogre Cinder Acolyte on Oct 20, 2022.
             Was an Initiate of Ignis.
             Slain by a tengu (2 damage)
             ... on level 8 of the Dungeon.
             The game lasted 00:46:46 (9301 turns).

byup the Fighter (Ogre Cinder Acolyte)              Turns: 9301, Time: 00:46:47

Health: 0/122      AC:  4    Str: 24    XL:     10   Next: 34%
Magic:  12/12      EV:  9    Int: 15    God:    Ignis [......]
Gold:   508        SH:  0    Dex:  4    Spells: 10/12 levels left

rFire   + . .      SeeInvis .    r - +2 spear (venom)
rCold   . . .      Faith    .    (no shield)
rNeg    . . .      Spirit   .    a - +0 swamp dragon scales
rPois   +          Reflect  .    (helmet restricted)
rElec   .          Harm     +    j - scarf {harm}
rCorr   +          Rampage  .    (gloves unavailable)
Will    +....                    (boots unavailable)
Stlth   +.........               (no amulet)
HPRegen 0.40/turn                q - ring of resist corrosion
MPRegen 0.13/turn                e - +4 ring of protection

@: corroded
A: large, unfitting armour, tough skin 1, horns 1, robust 1, screaming 1
a: Renounce Religion


You were on level 8 of the Dungeon.
You worshipped Ignis.
Ignis was noncommittal.
You visited 2 branches of the dungeon, and saw 9 of its levels.
You also visited: Ossuary.

You collected 508 gold pieces.

Inventory:

Hand Weapons
 g - a +2 dagger of venom
 r - a +2 spear of venom (weapon)
Missiles
 x - 2 throwing nets
Armour
 a - +0 swamp dragon scales (worn)
 b - a +0 robe
 j - a scarf of harm (worn)
Jewellery
 e - a +4 ring of protection (right hand)
 q - a ring of resist corrosion (left hand)
 y - a ring of positive energy
Wands
 w - a wand of polymorph (4) (quivered)
 D - a wand of iceblast (16)
Scrolls
 c - a scroll of enchant weapon {unknown}
 d - 2 scrolls of teleportation
 h - a scroll of acquirement {unknown}
 i - a scroll of vulnerability {unknown}
 l - a scroll of immolation {unknown}
 m - 2 scrolls of enchant armour {unknown}
 n - 3 scrolls of silence
 p - a scroll of fear {unknown}
 s - a scroll of magic mapping {unknown}
 t - a scroll of butterflies {unknown}
 v - 3 scrolls of blinking {unknown}
 A - 2 scrolls of amnesia {unknown}
 E - 2 scrolls of identify
Potions
 f - a potion of degeneration {unknown}
 k - a potion of magic
 o - 4 potions of brilliance
 u - 5 potions of curing
 z - a potion of might {unknown}
 B - 4 potions of haste {unknown}
 C - a potion of berserk rage {unknown}


   Skills:
 * Level 10.8 Fighting
 + Level 3.1 Short Blades
 + Level 9.2 Polearms
 + Level 1.4 Armour
 + Level 6.1 Dodging
 + Level 3.0 Stealth
 + Level 1.5 Spellcasting
 + Level 3.2 Fire Magic


You had 10 spell levels left.
You knew the following spells:

 Your Spells              Type           Power      Damage    Failure   Level
a - Scorch                Fire           20%        2d6       14%         2

Your spell library contained the following spells:

 Spells                   Type           Power      Damage    Failure   Level
 Freeze                   Ice            4%         1d3       36%         1
 Summon Small Mammal      Summ           4%         N/A       36%         1
 Call Canine Familiar     Summ           1%         N/A       73%         3
 Frozen Ramparts          Ice            2%         1d1       73%         3
 Hailstorm                Conj/Ice       1%         3d3       73%         3
 Summon Guardian Golem    Hex/Summ       1%         N/A       73%         3
 Ice Form                 Ice/Tmut       1%         N/A       98%         4
 Summon Ice Beast         Ice/Summ       1%         N/A       98%         4


Dungeon Overview and Level Annotations

Branches:
Dungeon (8/15)             Temple (1/1) D:7         Ossuary (visited)
   Lair: D:8-11

Altars:
Ashenzari
Cheibriados
Elyvilon
Fedhas
Gozag
Hepliaklqana
Kikubaaqudgha
Makhleb
Nemelex Xobeh
Okawaru
Qazlal
Ru
Sif Muna
Trog
Uskayaw
Vehumet
Wu Jian
Xom
Yredelemnul
Zin
The Shining One

Shops:
D:7 *

Portals:
Abyss: D:5

Annotations:
D:5 2 transporters, pokeman's ghost, novice DEHW


Innate Abilities, Weirdness & Mutations

You are too large for most types of armour.
You have tough skin. (AC +1)
You have a pair of small horns on your head.
You are robust. (+10% HP)
You occasionally shout uncontrollably at your foes.


Message History

The acid dragon claws you but does no damage.
You puncture the acid dragon!
The acid dragon is moderately wounded.
You hit the acid dragon. Your headbutt misses the acid dragon.
The acid dragon is severely wounded.
The acid dragon spits acid at you. The splash of acid hits you! You resist.
The acid corrodes you!
You hit the acid dragon but do no damage.
The acid dragon is severely wounded.
The acid dragon bites you but does no damage.
The acid dragon barely misses you. The acid dragon spits acid at you.
The splash of acid hits you! You resist.
* * * LOW HITPOINT WARNING * * *
The acid dragon attacks as you move away!
The acid dragon bites you!
* * * LOW HITPOINT WARNING * * *
The acid dragon claws you.
* * * LOW HITPOINT WARNING * * *
Aiming: Polymorph
Press: ? - help, Q - select action, (/) - cycle Shift-Dir - straight line, f - acid dragon
Aim: an acid dragon (severely wounded, will become a fire bat, a hornet, or a tengu, chance to affect: 49%)
The acid dragon evaporates and reforms as a tengu!
You hit the tengu but do no damage.
The tengu is moderately wounded.
The tengu closely misses you. The tengu pecks you but does no damage.
The tengu claws you but does no damage.
You hit the tengu.
The tengu is heavily wounded.
The tengu hits you.
* * * LOW HITPOINT WARNING * * *
The tengu pecks you.
* * * LOW HITPOINT WARNING * * *
The tengu claws you.
* * * LOW HITPOINT WARNING * * *
You hit the tengu but do no damage.
The tengu is poisoned.
Your headbutt misses the tengu.
The tengu is heavily wounded.
The tengu barely misses you. x2; The tengu claws you.
You die...

# ## #.## ####.#
..#.####
####...#########
...#.#.###
######...###........#
.........##
#.##..#### ##.##.##.#
#l.......###..Q@##
#######.#
#.#.##..........##
#.# #. ############
#.# ##############
### #.#
.........#...# #.##
#.# .........#...#
#..### ##.#
.........#...#
##...## #######..#
.........#...# ###..#
#.....>.##
..........####
#####.###......##


You could see a tengu (very poisoned).

Vanquished Creatures
  Pikel (D:5)
  Maggie (D:7)
  A komodo dragon (D:8)
  Sigmund (D:5)
  A wyvern (D:8)
  A basilisk (D:8)
  7 water moccasins
  An orc warrior (D:7)
  A swamp drake (D:8)
  2 ice beasts
  A sky beast (D:7)
  2 black bears
  A bullfrog (D:6)
  A necrophage (D:5)
  2 scorpions
  3 water moccasin zombies (Ossuary)
  5 killer bees (D:7)
  2 howler monkeys
  4 hounds
  A jelly (D:5)
  A gnoll bouda (D:8)
  6 iguanas
  2 orc wizards (D:7)
  2 mummies (Ossuary)
  15 gnolls
  13 adders
  2 shadow imps (D:6)
  A white imp (D:5)
  An ufetubus (D:4)
  5 adder zombies (Ossuary)
  2 worms (D:5)
  3 dart slugs
  24 orcs
  7 ball pythons
  A bat (D:3)
  6 endoplasms
  4 giant cockroaches
  8 gnoll zombies (Ossuary)
  9 goblins
  3 hobgoblins
  6 jackals
  A frilled lizard (D:1)
  5 hobgoblin zombies (Ossuary)
  7 kobolds
  8 kobold zombies (Ossuary)
  2 orc zombies (Ossuary)
  7 rats
190 creatures vanquished.

Vanquished Creatures (others)
  66 foxfires
66 creatures vanquished.

Grand Total: 256 creatures vanquished

Notes
Turn   | Place    | Note
-------+----------+-------------------------------------------
     0 | D:1      | byup the Ogre Cinder Acolyte began the quest for the Orb.
     0 | D:1      | Reached XP level 1. HP: 24/24 MP: 2/2
    45 | D:1      | You fall into a shaft and drop 1 floor!
    74 | D:2      | Reached XP level 2. HP: 31/32 MP: 4/4
   285 | D:2      | Reached XP level 3. HP: 25/40 MP: 5/5
  1352 | D:2      | Reached skill level 1 in Short Blades
  1896 | D:3      | Reached XP level 4. HP: 42/49 MP: 6/6
  1904 | D:3      | Reached skill level 5 in Fighting
  1985 | D:3      | Reached skill level 1 in Dodging
  1985 | D:3      | Reached XP level 5. HP: 7/57 MP: 7/7
  1988 | D:3      | Gained mutation: You occasionally lose the ability to read
                  | scrolls when taking damage. [potion of mutation]
  1989 | D:3      | Lost mutation: You occasionally lose the ability to read
                  | scrolls when taking damage. [potion of mutation]
  1989 | D:3      | Gained mutation: You are robust. (+10% HP) [potion of
                  | mutation]
  1989 | D:3      | Gained mutation: You occasionally shout uncontrollably at
                  | your foes. [potion of mutation]
  1989 | D:3      | Gained mutation: You have a pair of small horns on your
                  | head. [potion of mutation]
  2626 | D:3      | Found a faded altar of an unknown god.
  2820 | D:4      | Found a sacrificial altar of Ru.
  2820 | D:4      | Found a hide-covered altar of Uskayaw.
  2956 | D:4      | Noticed a black bear
  2960 | D:4      | Killed a black bear
  2961 | D:4      | Reached XP level 6. HP: 68/73 MP: 8/8
  3590 | D:5      | Entered Level 5 of the Dungeon
  3613 | D:5      | Reached skill level 6 in Fighting
  3613 | D:5      | Reached skill level 1 in Stealth
  3615 | D:5      | Reached XP level 7. HP: 68/82 MP: 9/9
  3681 | D:5      | Noticed Pikel
  3717 | D:5      | Killed Pikel
  3718 | D:5      | Reached skill level 7 in Fighting
  3718 | D:5      | Reached XP level 8. HP: 85/95 MP: 10/10
  3919 | D:5      | Reached skill level 5 in Polearms
  3924 | D:5      | Found a transporter.
  3931 | D:5      | Noticed pokeman's ghost (novice DEHW)
  3992 | D:5      | Found a one-way gate to the infinite horrors of the Abyss.
  4010 | D:5      | Found a transporter.
  4095 | D:5      | Found a white marble altar of Elyvilon.
  4101 | D:5      | Noticed Sigmund
  4112 | D:5      | Killed Sigmund
  4283 | D:5      | Found a shimmering altar of Xom.
  4283 | D:5      | Found a shimmering altar of Xom.
  4285 | D:5      | Found a shimmering altar of Xom.
  4285 | D:5      | Found a shimmering altar of Xom.
  4978 | D:6      | Reached skill level 8 in Fighting
  5242 | D:6      | Reached XP level 9. HP: 100/105 MP: 11/11
  5300 | D:6      | Found a sand-covered staircase.
  5304 | Ossuary  | Entered an ossuary
  5385 | Ossuary  | Reached skill level 5 in Dodging
  5841 | D:6      | Found Eqolaw's Weapon Shoppe.
  5936 | D:7      | Found a staircase to the Ecumenical Temple.
  5941 | Temple   | Entered the Ecumenical Temple
  6548 | D:7      | Found Quzxeuk's Serpentskin Sales.
  6558 | D:7      | Reached skill level 9 in Fighting
  7019 | D:7      | Noticed Maggie
  7047 | D:7      | Killed Maggie
  7488 | D:7      | Reached XP level 10. HP: 119/121 MP: 12/12
  7531 | D:7      | Reached skill level 10 in Fighting
  8965 | D:8      | Reached skill level 1 in Armour
  9063 | D:8      | Learned a level 2 spell: Scorch
  9300 | D:8      | HP: 4/122 [tengu (3)]
  9301 | D:8      | Slain by a tengu

Illustrated notes

Levels and vault maps discovered:
D:1:      saegor_arrival_miasma, layout_loops_ring, nicolae_eternal_life,
          minivault_4
D:2:      minmay_diamond_boxcup, layout_basic, kennysheep_path_1
D:3:      layout_rooms, basic_ecumenical_altar
D:4:      layout_cave_pods, nicolae_overflow_two_pavilions
D:5:      layout_basic, mainiacjoe_overflow_concentric_impassable,
          xom_redecorated, gammafunk_ghost_abyssal_escape, uniq_pikel,
          uniq_sigmund
D:6:      minmay_general_purpose_star, layout_basic, serial_shops,
          shop_fountains, enter_ossuary_5
D:7:      layout_layer_cave, temple_doors_e, minmay_misc_feat_doors,
          guppyfry_shop_venom, uniq_maggie
D:8:      layout_rooms, erik_lair_dragon, dk_noncrumbling_4
Temple:   bh_familiar_temple

Skill      XL: |  1  2  3  4  5  6  7  8  9 10 |
---------------+-------------------------------+-----
Fire Magic     | 3 |  3.2
Short Blades   | 1 2 3 |  3.1
Fighting       | 5 6 7 8 9 10 | 10.8
Dodging        | 1 2 3 4 5 6 |  6.1
Polearms       | 4 6 8 9 |  9.2
Stealth        | 1 2 3 |  3.0
Armour         | 1 |  1.4
Spellcasting   | |  1.5

Action                   |  1- 3 |  4- 6 |  7- 9 | 10-12 || total
-------------------------+-------+-------+-------+-------++-------
Melee: Spear             |    17 |    79 |   398 |    81 ||   575
       Dagger            |    53 |     4 |       |       ||    57
       Headbutt          |       |     7 |    67 |    15 ||    89
       Punch             |       |       |     4 |     1 ||     5
Invok: Fiery Armour      |     3 |     3 |       |       ||     6
       Foxfire Swarm     |     1 |     4 |       |       ||     5
       Rising Flame      |     1 |       |       |       ||     1
Evoke: Wand              |       |       |     1 |     4 ||     5
  Use: Scroll            |       |     6 |     3 |       ||     9
       Potion            |       |     2 |     7 |       ||     9
 Stab: Sleeping          |       |       |     1 |       ||     1
Armor: Robe              |    28 |    37 |    91 |       ||   156
       Swamp dragon scal |       |       |     6 |    45 ||    51
Dodge: Dodged            |    27 |    54 |   151 |    50 ||   282

Table legend: (Time is in decaauts)
 A = Elapsed time spent in this place.
 B = Non-inter-level travel time spent in this place.
 C = Inter-level travel time spent in this place.
 D = Time resting spent in this place.
 E = Time spent auto-exploring this place.
 F = Levels seen in this place.
 G = Mean time per level.
                   A        B        C        D        E       F      G
               +--------+--------+--------+--------+--------+-----+--------+
         Total |   9170 |   8911 |    259 |    135 |   3877 |  10 |  917.0 |
       Dungeon |   8538 |   8279 |    259 |    135 |   3877 |   8 | 1067.2 |
        Temple |    405 |    405 |      0 |      0 |      0 |   1 |  405.0 |
       Ossuary |    226 |    226 |      0 |      0 |      0 |   1 |  226.0 |
               +--------+--------+--------+--------+--------+-----+--------+

Top non-repeatable levels by time:
     D:7: 2297 daAuts
     D:5: 1344 daAuts
     D:2: 991 daAuts
     D:1: 897 daAuts
     D:4: 862 daAuts
     D:3: 829 daAuts
     D:6: 659 daAuts
     D:8: 656 daAuts
  Temple: 405 daAuts
 Ossuary: 226 daAuts
